Map: Abiogenesis LE

Players

Supay - Winner!

  • Race: Zerg Zerg
  • League: Gold
  • Spawn Location: 11:00

Kozzy

  • Race: Protoss Protoss
  • League: Gold
  • Spawn Location: 5:00

VOD

Have the link to the VOD?

Description

Time

  • Played on: April 7, 2018, 12:40 a.m.
  • Length: 11:34
Show
View Real Time Build Order
Export as new Build Order

Supay Zerg - Winner!

Build Orders: Hatch First 

Get SALT Encoding   

  12  0:04  Drone  
  13  0:13  Drone  
  14  0:24  Extractor x2  
  14  0:25  Drone x2  
  16  0:47  Hatchery  
  15  0:52  Overlord  
  15  1:09  Extractor  
  14  1:11  Drone  
  14  1:12  Drone x2  
  17  1:29  Drone  
  18  1:40  Spawning Pool  
  17  1:57  Drone x3  
  20  2:04  Drone  
  21  2:22  Drone x4  
  25  2:23  Evolution Chamber  
  25  2:28  Queen  
  25  2:29  Queen  
  28  2:33  Overlord  
  28  2:52  Drone x3  
  28  2:53  Drone  
  32  3:00  Roach Warren  
  31  3:06  Drone  
  31  3:07  Drone x2  
  31  3:10  Baneling Nest  
  33  3:13  Zergling x2  
  33  3:16  Overlord  
  34  3:39  Zerg Ground Armor Level 1  
  34  3:42  Roach x4  
  34  3:43  Roach  
  44  3:50  Extractor, Drone  
  44  3:51  Overlord  
  44  4:06  Overlord  
  44  4:11  Zergling x2  
  44  4:12  Zergling x12  
  51  4:27  Zergling x6  
  54  4:37  Baneling x2  
  54  4:38  Ravager  
  55  4:41  Drone x4  
  55  4:42  Drone  
  60  4:55  Hatchery  
  59  5:01  Metabolic Boost  
  59  5:03  Zergling x2  
  59  5:04  Overlord x3  
  58  5:20  Zergling x2  
  52  5:28  Zergling x8  
  51  5:29  Zergling x8  
  55  5:38  Roach  
  57  5:45  Baneling x3  
  57  5:46  Baneling x2  
  57  5:47  Baneling  
  57  5:48  Baneling  
  57  5:53  Roach  
  57  5:54  Roach x2  
  63  6:01  Drone x2  
  65  6:07  Extractor  
  65  6:08  Extractor  
  65  6:10  Queen  
  65  6:11  Drone  
  65  6:12  Drone x2  
  65  6:14  Queen  
  70  6:22  Roach x2  
  70  6:23  Overlord  
  74  6:29  Lair  
  74  6:37  Drone x3  
  67  7:11  Zergling x12  
  67  7:12  Zergling x10  
  77  7:16  Drone x4  
  81  7:23  Zerg Missile Weapons Level 1  
  81  7:29  Roach  
  85  7:30  Roach x2  
  85  7:33  Baneling x2  
  85  7:34  Baneling x6  
  85  7:35  Baneling  
  87  7:39  Drone x2  
  87  7:41  Overlord  
  89  7:45  Overseer  
  85  8:05  Centrifical Hooks  
  83  8:07  Glial Reconstitution  
  83  8:09  Roach x6  
  83  8:10  Roach  
  97  8:13  Overlord, Zergling x2  
  97  8:14  Overlord  
  97  9:04  Drone x6  
  97  9:05  Drone x7, Hydralisk Den  
  97  9:06  Drone x4  
  113  9:11  Overlord x2  
  113  9:13  Extractor x2  
  113  9:15  Overseer  
  111  9:41  Hydralisk x6  
  111  9:42  Hydralisk x3  
  129  9:45  Overlord x2  
  129  9:46  Overlord  
  129  10:44  Pneumatized Carapace  
  129  10:45  Infestation Pit  
  128  10:58  Hatchery  
  128  11:03  Baneling x5  
  128  11:04  Baneling x7  
  127  11:05  Baneling, Zergling x8  
  127  11:06  Zergling x14  
  127  11:07  Zergling x8  
  142  11:19  Spire  
Show
View Real Time Build Order
Export as new Build Order

Kozzy Protoss 

Build Orders:  

Get SALT Encoding   

  12  0:01  Probe  
  13  0:13  Probe  
  14  0:21  Pylon  
  14  0:25  Probe  
  15  0:39  Probe (Chrono Boost)  
  15  0:41  Gateway  
  17  0:51  Probe (Chrono Boost)  
  17  0:56  Probe (Chrono Boost)  
  18  1:05  Probe  
  19  1:16  Assimilator  
  19  1:18  Probe, Assimilator  
  20  1:24  Pylon  
  20  1:30  Zealot (Chrono Boost)  
  20  1:31  Cybernetics Core  
  22  1:39  Pylon  
  22  1:44  Probe  
  23  1:56  Probe  
  24  2:08  Probe, Warp Gate  
  25  2:11  Forge  
  25  2:19  Stalker (Chrono Boost)  
  25  2:20  Probe  
  28  2:40  Gateway  
  28  2:41  Protoss Ground Weapons Level 1 (Chrono Boost)  
  28  2:42  Pylon  
  28  2:52  Shield Battery  
  28  3:03  Photon Cannon  
  28  3:08  Stalker  
  30  3:21  Gateway  
  29  3:38  Pylon  
  29  3:47  Gateway  
  29  4:18  Zealot x2  
  33  4:26  Pylon  
  33  4:27  Stalker  
  35  4:38  Stalker  
  35  4:39  Stalker  
  35  4:45  Nexus  
  39  4:49  Stalker  
  41  5:03  Stalker  
  41  5:05  Pylon  
  35  5:27  Stalker  
  35  5:28  Stalker x2  
  35  5:30  Zealot  
  31  5:49  Pylon  
  31  5:52  Stalker x4  
  39  5:58  Photon Cannon  
  39  6:06  Shield Battery  
  39  6:20  Twilight Council  
  39  6:27  Stalker x2  
  43  6:36  Zealot x2  
  45  7:14  Zealot x4  
  49  7:19  Dark Shrine  
  49  7:35  Zealot x4  
  53  8:08  Stalker  
  55  8:33  Dark Templar x2  
  59  8:34  Pylon  
  59  8:35  Dark Templar  
  61  8:57  Archon  
  61  8:59  Dark Templar  
  63  9:04  Archon  
  63  9:07  Zealot  
  63  9:08  Zealot  
  67  9:10  Charge (Chrono Boost)  
  67  9:20  Zealot  
  69  9:40  Zealot x3  
  69  9:41  Zealot  
  77  9:54  Pylon  
  77  10:24  Dark Templar  
  79  10:30  Pylon  
  79  10:40  Pylon  
  79  10:53  Dark Templar  
  81  11:01  Archon  
  81  11:04  Stalker x2  
Tags
 
League
GoldGold
Matchup
PvZ
Spawn Locations
Cross Positions
Add a new tag
Caveats
  • Supply blocks, unpowered buildings, or Contaminate may cause inaccurate times.
  • Supply counts are checked every 10 seconds.